 Seeded DCSS version 0.29-a0-676-ga64570c9d2 (webtiles) character file.

Game seed: 11281427841516483749 (custom seed)

171 zeratav the Sneak (level 5, -1/30 HPs)
             Began as a Tengu Hunter on June 24, 2022.
             Was an Initiate of Okawaru.
             Slain by a gnoll sergeant
             ... wielding a +0 trident
              (7 damage)
             ... on level 6 of the Dungeon.
             The game lasted 00:03:51 (2687 turns).

zeratav the Sneak (Tengu Hunter)                    Turns: 2687, Time: 00:03:52

Health: -1/30      AC:  3    Str: 12    XL:     5   Next: 51%
Magic:  6/6        EV: 18    Int: 15    God:    Okawaru [......]
Gold:   145        SH:  0    Dex: 19    Spells: 4/4 levels left

rFire   . . .      SeeInvis .   a - +1 shortbow {bow}
rCold   . . .      Faith    .   (shield currently unavailable)
rNeg    . . .      Spirit   .   b - +0 leather armour
rPois   .          Reflect  .   (helmet restricted)
rElec   .          Harm     .   (no cloak)
rCorr   .          Rampage  .   (no gloves)
Will    .....                   (boots unavailable)
Stlth   +++.......              (no amulet)
HPRegen 0.10/turn               l - +4 ring of evasion
MPRegen 0.10/turn               m - +6 ring of intelligence

@: flying quickly and evasively, quick
A: beak, talons 3, nimble flight
a: Renounce Religion


You were on level 6 of the Dungeon.
You worshipped Okawaru.
Okawaru was noncommittal.
You visited 1 branch of the dungeon, and saw 5 of its levels.

You collected 145 gold pieces.


Innate Abilities, Weirdness & Mutations

You have a beak for a mouth.
You have claws for feet.
Your magical nature lets you fly swiftly and evasively.


   Skills:
 - Level 2.0 Fighting
 + Level 4.8 Bows
 - Level 2.1 Dodging
 - Level 5.0 Stealth
 + Level 1.3 Invocations


You had 4 spell levels left.
You didn't know any spells.
Your spell library contained the following spells:

 Spells                   Type           Power      Damage    Failure   Level
 Freeze                   Ice            0%         1d3       34%         1
 Static Discharge         Conj/Air       0%         N/A       45%         2
 Frozen Ramparts          Ice            0%         1d2       71%         3
 Hailstorm                Conj/Ice       0%         3d3       98%         4
 Lightning Bolt           Conj/Air       0%         1d11      100%        5
 Maxwell's Capacitive Co  Air            0%         ∞         100%        8

Inventory:

Hand Weapons
 a - a +1 shortbow (weapon) {bow}
Armour
 b - a +0 leather armour (worn)
Jewellery
 l - a +4 ring of evasion (left hand)
   (You found it on level 3 of the Dungeon)
 m - a +6 ring of intelligence (right hand)
   (You took it off a kobold on level 3 of the Dungeon)
Scrolls
 c - a scroll of immolation {!r!r}
 d - 3 scrolls of identify {unknown}
 e - a scroll of magic mapping {unknown}
 g - a scroll of enchant armour {unknown}
 i - a scroll of fear {unknown}
 k - a scroll of silence {unknown}
 n - a scroll of amnesia {unknown}
Potions
 f - 2 potions of mutation {unknown}
 h - 2 potions of curing {unknown}
 j - a potion of ambrosia {unknown}
 o - a potion of invisibility {unknown}
 p - 2 potions of attraction {unknown}

Dungeon Overview and Level Annotations

Branches:
Dungeon (4/15) Zot: 26867
 Temple: D:4-7

Altars:
Cheibriados
Okawaru
Wu Jian

Shops:
D:2 (

Annotations:
D:4 exclusion: water moccasin

##### ####### #######
...####.....###...>...
....##g###..gg.$.....
#.#.##g# #####.#####.
#†#.##.# .#
.####....#g# .#
#........@F.# g#
#..###....### g# #
#.#.## g# #.#.# ..
..#.. #######


You could see a gnoll sergeant and a bullfrog.


Message History

You shoot an arrow. The arrow hits the jelly.
Shoot: a) +1 shortbow {bow}
Press: ? - help, Q - select action Shift-Dir - straight line, f/p - jelly
Aim: a jelly (heavily wounded, 91% to hit)
You shoot an arrow.
The arrow hits the jelly but does no damage.
The jelly closely misses you.
Shoot: a) +1 shortbow {bow}
Press: ? - help, Q - select action Shift-Dir - straight line, f/p - jelly
Aim: a jelly (heavily wounded, 91% to hit)
You shoot an arrow. The arrow hits the jelly!
The jelly closely misses you.
HP[+1] Shoot: a) +1 shortbow {bow}
Press: ? - help, Q - select action Shift-Dir - straight line, f/p - jelly
Aim: a jelly (almost dead, 91% to hit)
You shoot an arrow. The arrow hits the jelly!
You kill the jelly!
Okawaru accepts your kill.
Your Invocations skill increases to level 1!
You now have 145 gold pieces (gained 10).
You see here an adder corpse.
HP[+7]
Your hp is fully restored (30).
p - 2 fuming black potions
Found a stone staircase leading down.
A gnoll and a bullfrog come into view.
The gnoll shouts!
You hear a shout! x3
The gnoll moves out of view.
You hear a shout! x2
You shoot an arrow. The arrow barely misses the bullfrog.
The bullfrog gives a loud, deep croak!
A gnoll sergeant comes into view. It is wielding a +0 trident.
You shoot an arrow. The arrow closely misses the bullfrog.
The gnoll sergeant shouts!
A gnoll comes into view. It is wielding a +0 club.
A gnoll comes into view. It is wielding a +0 halberd.
You shoot an arrow. The arrow hits the bullfrog.
The bullfrog hits you.
HP[-3]
You take 3 damage, and now have 27/30 hp.
You shoot an arrow. The arrow misses the bullfrog.
The bullfrog hits you. The bullfrog misses you.
A gnoll comes into view. It is wielding a +0 club.
HP[-6]
You take 6 damage, and now have 21/30 hp.
You are too injured to fight recklessly!
You are too injured to fight recklessly!
The bullfrog attacks as you move away! The bullfrog barely misses you.
The bullfrog hits you.
HP[-3]
You take 3 damage, and now have 18/30 hp.
The bullfrog attacks as you move away! The bullfrog barely misses you.
The bullfrog attacks as you move away! The bullfrog misses you.
The bullfrog swells and bulges.
The bullfrog closely misses you. The bullfrog attacks as you move away!
The bullfrog hits you!
* * * LOW HITPOINT WARNING * * *
The bullfrog hits you.
* * * LOW HITPOINT WARNING * * *
HP[-10]
You take 10 damage, and now have 8/30 hp.
MASSIVE DAMAGE!! (PAUSE) Shoot: a) +1 shortbow {bow}
Press: ? - help, Q - select action Shift-Dir - straight line, f/p - bullfrog
Aim: a bullfrog (lightly wounded, 59% to hit)
You shoot an arrow. The arrow barely misses the bullfrog.
The bullfrog completely misses you. The bullfrog hits you.
* * * LOW HITPOINT WARNING * * *
HP[-1]
You take 1 damage, and now have 7/30 hp.
Shoot: a) +1 shortbow {bow}
Press: ? - help, Q - select action Shift-Dir - straight line, f/p - bullfrog
Aim: a bullfrog (lightly wounded, 59% to hit)
You shoot an arrow. The arrow misses the bullfrog.
The bullfrog misses you. The bullfrog closely misses you.
Shoot: a) +1 shortbow {bow}
Press: ? - help, Q - select action Shift-Dir - straight line, f/p - bullfrog
Aim: a bullfrog (lightly wounded, 59% to hit)
You shoot an arrow. The arrow misses the bullfrog.
The bullfrog closely misses you. The bullfrog misses you.
Shoot: a) +1 shortbow {bow}
Press: ? - help, Q - select action Shift-Dir - straight line, f/p - bullfrog
Aim: a bullfrog (lightly wounded, 59% to hit)
You shoot an arrow. The arrow closely misses the bullfrog.
The arrow hits the gnoll sergeant but does no damage.
The bullfrog hits you.
* * * LOW HITPOINT WARNING * * *
The gnoll sergeant closely misses you. The bullfrog misses you.
The gnoll sergeant closely misses you.
HP[-2]
You take 2 damage, and now have 5/30 hp.
The bullfrog completely misses you.
HP[+1] Shoot: a) +1 shortbow {bow}
Press: ? - help, Q - select action Shift-Dir - straight line, f/p - bullfrog
Aim: a bullfrog (lightly wounded, 59% to hit)
You shoot an arrow. The arrow barely misses the bullfrog.
The bullfrog misses you. The bullfrog barely misses you.
The gnoll sergeant hits you from afar with a +0 trident!
You die...

Skill      XL: |  1  2  3  4  5 |
---------------+----------------+-----
Stealth        | 2 3 4 5 |  5.0
Invocations    | 1 |  1.3
Fighting       | |  2.0
Bows           | |  4.8
Dodging        | |  2.1

Action                   |  1- 3 |  4- 6 || total
-------------------------+-------+-------++-------
 Fire: Shortbow          |    74 |   110 ||   184
Armor: Leather armour    |     5 |    10 ||    15
Dodge: Dodged            |    21 |    58 ||    79

Levels and vault maps discovered:
D:1:      nzn_arrival_crosshair, layout_basic,
          dilly_ecumenical_altar_fadedgnrine
D:2:      layout_loops_ring, serial_shops, nicolae_shop_hallway_stairs,
          uniq_jessica
D:3:      layout_basic
D:4:      layout_rooms, grunt_temple_overflow_open, overflow_temple_1_default,
          minmay_liquid_box, uniq_menkaure
D:6:      layout_loops_ring, gammafunk_ghost_stat_death, uniq_eustachio

Notes
Turn   | Place    | Note
-------+----------+-------------------------------------------
     0 | D:1      | zeratav the Tengu Hunter began the quest for the Orb.
     0 | D:1      | Reached XP level 1. HP: 12/12 MP: 2/2
     0 | D:1      | magus.rc [v1.9.6]
   420 | D:1      | Reached skill level 2 in Stealth
   420 | D:1      | Reached XP level 2. HP: 17/17 MP: 3/3
   704 | D:1      | Found a faded altar of an unknown god.
  1088 | D:2      | Reached skill level 3 in Stealth
  1136 | D:2      | Reached XP level 3. HP: 21/21 MP: 4/4
  1171 | D:2      | You pick up a book of Lightning and begin reading...
  1171 | D:2      | You add the spells Static Discharge, Lightning Bolt and
                  | Maxwell's Capacitive Coupling to your library.
  1213 | D:2      | Noticed Jessica
  1218 | D:2      | Killed Jessica
  1219 | D:2      | Reached skill level 4 in Stealth
  1219 | D:2      | Reached XP level 4. HP: 21/26 MP: 5/5
  1642 | D:2      | Found Semp's Weapon Emporium.
  1832 | D:3      | You pick up a book of Frost and begin reading...
  1832 | D:3      | You add the spells Freeze, Frozen Ramparts and Hailstorm to
                  | your library.
  2144 | D:3      | Reached skill level 5 in Stealth
  2408 | D:4      | Noticed a water moccasin
  2479 | D:4      | Gained mutation: Your magical nature lets you fly swiftly
                  | and evasively. [Tengu growth]
  2479 | D:4      | Reached XP level 5. HP: 30/30 MP: 6/6
  2481 | D:4      | Found an iron altar of Okawaru.
  2487 | D:4      | Became a worshipper of Warmaster Okawaru
  2537 | D:4      | Found an ornate altar of the Wu Jian Council.
  2538 | D:4      | Found a snail-covered altar of Cheibriados.
  2557 | D:4      | You are sucked into a shaft and drop 2 floors!
  2578 | D:6      | Reached skill level 1 in Invocations
  2680 | D:6      | HP: 7/30 [bullfrog (1)]
  2687 | D:6      | Slain by a gnoll sergeant

Vanquished Creatures
  A jelly (D:6)
  Jessica (D:2)
  4 adders
  A worm (D:4)
  2 dart slugs (D:3)
  5 orcs (D:3)
  9 ball pythons
  2 endoplasms
  2 giant cockroaches
  3 goblins
  A hobgoblin (D:2)
  4 jackals (D:2)
  6 quokkas
  6 bats
  4 frilled lizards
  12 kobolds
  2 rats (D:2)
65 creatures vanquished.

Table legend:
 A = Non-vault XP
 B = Vault XP
 C = Vault XP percentage of total XP
 D = Non-vault monster count
 E = Vault monster count
 F = Vault count percentage of total count
                 A         B        C        D         E       F
            +---------+---------+-------+---------+---------+-------
      Total |     208 |      37 |  15.1 |      64 |       1 |   1.5
            +---------+---------+-------+---------+---------+-------
        D:1 |      19 |       0 |   0.0 |      12 |       0 |   0.0
        D:2 |      52 |      37 |  41.6 |      24 |       1 |   4.0
        D:3 |      55 |       0 |   0.0 |      20 |       0 |   0.0
        D:4 |      25 |       0 |   0.0 |       6 |       0 |   0.0
        D:6 |      57 |       0 |   0.0 |       2 |       0 |   0.0
            +---------+---------+-------+---------+---------+-------

Illustrated notes

Table legend:
 A = Kills in this place as a percentage of kills in entire the game.
 B = Kills by you in this place as a percentage of kills by you in the entire game.
 C = Kills by friends in this place as a percentage of kills by friends in the entire game.
 D = Other kills in this place as a percentage of other kills in the entire game.
 E = Experience gained in this place as a percentage of experience gained in the entire game.
 F = Experience gained in this place divided by the number of levels of this place that you have seen.
                   A       B       C       D       E      F
               +-------+-------+-------+-------+-------+----------------------
         Total | 100.0 | 100.0 |   N/A |   N/A | 100.0 |  49.0
       Dungeon | 100.0 | 100.0 |   N/A |   N/A | 100.0 |  49.0
               +-------+-------+-------+-------+-------+----------------------

Table legend: (Time is in decaauts)
 A = Elapsed time spent in this place.
 B = Non-inter-level travel time spent in this place.
 C = Inter-level travel time spent in this place.
 D = Time resting spent in this place.
 E = Time spent auto-exploring this place.
 F = Levels seen in this place.
 G = Mean time per level.
                   A        B        C        D        E       F      G
               +--------+--------+--------+--------+--------+-----+--------+
         Total |   2736 |   2628 |    108 |      0 |   2185 |   5 |  547.2 |
       Dungeon |   2736 |   2628 |    108 |      0 |   2185 |   5 |  547.2 |
               +--------+--------+--------+--------+--------+-----+--------+

Top non-repeatable levels by time:
     D:1: 1059 daAuts
     D:2: 800 daAuts
     D:3: 642 daAuts
     D:6: 131 daAuts
     D:4: 102 daAuts
